AoeStats
← jeibanez

Lombardia

509779136Analyzed
4v4 RM · 3d ago on Sep 28, 2026· 67m 41s· 8 players
Game mode
Random Map
Map size
Large (8 player)
Population
200
Speed
Normal
Resources
Standard
Victory
Conquest
Starting age
Dark Age
Ending age
Imperial Age
RankedLock teamsTeams togetherTeam positionsShared explorationLock speedFull tech treeHidden civsTurbo modeCheats
Victory
Defeat
🇨🇱 Danes · Chile
1334
+8
🇲🇽 Varangians · Mexico
1224
+11
🇨🇴 Persians · Colombia
1140
+15
🇨🇴 Mongols · Colombia
1005
+20
🇨🇴 Malay · Colombia
1136
-14
🇨🇴 Varangians · Colombia
1122
-14
🇨🇴 Hindustanis · Colombia
1111
-13
🇦🇷 Mongols · Argentina
1106
-13
jeibanez
11:28 Feudal Age
11:00 Loom
12:00 Double-Bit Axe
12:44 Horse Collar
15:38 Bloodlines
16:44 Forging
20:21 Scale Barding Armor
27:11 Wheelbarrow
26:39 Gold Mining
31:39 Castle Age
33:03 Iron Casting
32:35 Husbandry
33:54 Gold Shaft Mining
33:32 Bow Saw
33:28 Heavy Plow
34:54 Hand Cart
38:21 Light Cavalry
48:31 Imperial Age
48:34 Heavy Camel Rider
48:38 Hussar
49:53 Conscription
49:34 Grand Trunk Road
49:54 Murder Holes
50:37 Imperial Camel Rider
55:46 Blast Furnace
juandicemo
12:56 Feudal Age
13:51 Double-Bit Axe
14:00 Horse Collar
16:31 Castle Age
14:24 Man-at-Arms
19:31 Loom
22:48 Wheelbarrow
22:43 Heavy Plow
25:56 Hand Cart
26:14 Town Watch
27:30 Bow Saw
31:33 Imperial Age
29:35 Forging
29:33 Scale Barding Armor
29:36 Husbandry
31:40 Iron Casting
30:30 Elite Battle Elephant
31:46 Forced Levy
32:07 Conscription
32:57 Gold Mining
33:01 Stone Mining
35:22 Blast Furnace
33:46 Long Swordsman
34:27 Squires
34:12 Arson
34:43 Two-Handed Swordsman
37:05 Fletching
37:40 Ballistics
38:00 Gold Shaft Mining
38:51 Crop Rotation
39:53 Siege Engineers
39:59 Masonry
40:49 Chemistry
41:43 Coinage
47:06 Bodkin Arrow
48:05 Elite Karambit Warrior
Enchiskan
8:04 Loom
11:07 Feudal Age
12:09 Double-Bit Axe
12:48 Horse Collar
20:25 Castle Age
19:19 Bloodlines
19:46 Gold Mining
20:12 Scale Barding Armor
21:55 Chain Barding Armor
21:47 Forging
21:51 Husbandry
27:04 Wheelbarrow
27:25 Bow Saw
27:21 Heavy Plow
28:16 Town Watch
29:53 Iron Casting
30:26 Hand Cart
30:11 Town Patrol
38:33 Imperial Age
37:15 Ballistics
36:50 Murder Holes
39:01 Cavalier
42:08 Elite Varangian Guard
42:33 Arson
42:49 Squires
42:36 Gambesons
43:59 Blast Furnace
43:00 Scale Mail Armor
43:41 Conscription
45:39 Chemistry
44:50 Fortified Wall
44:08 Gothikon
44:09 Vendel Legacy
48:54 Masonry
48:49 Siege Engineers
48:25 Treadmill Crane
50:36 Caravan
51:14 Pikeman
54:52 Halberdier
67:29 Two-Man Saw
Pollo Brujo
4:48 Loom
11:22 Feudal Age
13:39 Double-Bit Axe
20:18 Castle Age
18:29 Padded Archer Armor
19:25 Fletching
21:30 Bow Saw
21:13 Stone Mining
21:19 Gold Mining
21:27 Bodkin Arrow
22:34 Husbandry
22:02 Crossbowman
24:34 Gold Shaft Mining
25:48 Ballistics
27:53 Stone Shaft Mining
27:45 Horse Collar
29:30 Heavy Plow
33:21 Masonry
38:19 Imperial Age
35:46 Murder Holes
36:00 Thumb Ring
40:08 Chemistry
39:43 Conscription
38:55 Capped Ram
40:31 Bracer
40:47 Leather Archer Armor
40:44 Forging
40:38 Husbandry
40:49 Bloodlines
42:06 Drill
42:42 Hoardings
47:35 Siege Engineers
46:53 Cavalier
49:28 Iron Casting
48:59 Scale Barding Armor
49:53 Wheelbarrow
51:14 Blast Furnace
50:52 Town Watch
54:29 Hand Cart
58:29 Town Patrol
58:16 Siege Ram
60:22 Pikeman
61:03 Squires
62:09 Chain Barding Armor
61:50 Scale Mail Armor
65:29 Elite Mangudai
ELEG VACASADA
6:56 Loom
9:44 Feudal Age
17:46 Castle Age
23:34 Horse Collar
24:16 Double-Bit Axe
29:55 Bloodlines
32:10 Bow Saw
34:53 Imperial Age
32:22 Gambesons
33:33 Forging
33:15 Arson
34:26 Fortified Wall
35:21 Wheelbarrow
34:32 Town Watch
35:06 Gothikon
35:54 Elite Varangian Guard
36:55 Scale Mail Armor
38:08 Conscription
38:38 Chain Mail Armor
39:29 Heavy Plow
40:02 Husbandry
39:24 Cavalier
42:11 Crop Rotation
42:44 Two-Man Saw
41:36 Gold Mining
44:08 Iron Casting
43:42 Caravan
47:04 Blast Furnace
45:59 Stone Mining
46:46 Plate Mail Armor
47:41 Guilds
48:05 Coinage
49:05 Squires
49:15 Scale Barding Armor
50:17 Chain Barding Armor
51:40 Light Cavalry
51:53 Vendel Legacy
54:37 Plate Barding Armor
55:56 Hand Cart
55:44 Town Patrol
56:13 Capped Ram
58:30 Siege Ram
61:19 Heavy Scorpion
64:01 Fletching
65:15 Chemistry
calmilo
5:50 Loom
12:31 Feudal Age
15:08 Double-Bit Axe
18:24 Castle Age
16:40 Double-Bit Axe
17:35 Padded Archer Armor
17:25 Fletching
22:21 Bodkin Arrow
22:26 Padded Archer Armor
24:45 Bow Saw
26:14 Pikeman
26:55 Squires
29:36 Leather Archer Armor
30:06 Ballistics
30:48 Forging
30:38 Scale Mail Armor
32:40 Wheelbarrow
32:26 Arson
33:22 Horse Collar
35:26 Husbandry
36:38 Iron Casting
36:18 Chain Mail Armor
36:45 Gold Mining
38:11 Gold Shaft Mining
37:26 Stone Mining
42:32 Imperial Age
43:36 Hand Cart
43:08 Town Watch
43:38 Bracer
44:39 Blast Furnace
44:10 Plate Mail Armor
43:48 Thumb Ring
44:09 Parthian Tactics
44:52 Chemistry
45:53 Stone Shaft Mining
45:31 Heavy Cavalry Archer
48:40 Town Patrol
53:54 Drill
55:28 Conscription
56:16 Caravan
57:36 Bloodlines
60:39 Heavy Scorpion
8oE.Pedro
10:35 Feudal Age
11:20 Double-Bit Axe
12:07 Loom
14:46 Castle Age
18:58 Wheelbarrow
20:17 Bow Saw
21:43 Horse Collar
22:35 Town Watch
26:25 Town Patrol
27:00 Forging
30:26 Imperial Age
28:50 Iron Casting
28:49 Bloodlines
29:21 Scale Barding Armor
30:48 Chain Barding Armor
30:25 Gold Mining
30:45 Cavalier
31:56 Hand Cart
32:19 Fletching
33:09 Husbandry
34:05 Conscription
34:21 Bodkin Arrow
35:26 Blast Furnace
35:01 Padded Archer Armor
35:37 Plate Barding Armor
35:14 Heavy Camel Rider
37:50 Masonry
37:36 Murder Holes
37:57 Masonry
38:45 Hoardings
41:48 Gold Shaft Mining
41:05 Stone Mining
41:17 Heavy Plow
42:18 Kamandaran
42:38 Leather Archer Armor
42:59 Ballistics
43:40 Chemistry
43:14 Savar
43:19 Crossbowman
44:05 Thumb Ring
45:23 Ring Archer Armor
54:43 Two-Man Saw
53:16 Light Cavalry
54:48 Crop Rotation
59:51 Citadels
65:09 Stone Shaft Mining
El Chileno del Norte
9:00 Loom
10:46 Feudal Age
12:16 Double-Bit Axe
15:08 Castle Age
13:23 Horse Collar
16:17 Bow Saw
19:32 Heavy Plow
20:37 Wheelbarrow
21:03 Fletching
21:41 Town Watch
25:14 Hand Cart
27:02 Stone Mining
27:02 Gold Mining
27:28 Bodkin Arrow
31:07 Imperial Age
29:41 Stone Shaft Mining
29:43 Gold Shaft Mining
30:14 Scale Mail Armor
30:26 Forging
31:18 Squires
33:21 Chemistry
32:33 Masonry
32:26 Bracer
34:39 Murder Holes
34:27 Elite Jomsviking
35:29 Conscription
36:00 Chain Mail Armor
36:25 Iron Casting
36:30 Hamask
37:49 Pikeman
39:58 Halberdier
42:15 Arson
46:43 Plate Mail Armor
53:04 Hoardings
62:43 Caravan
66:02 Padded Archer Armor
67:02 Blast Furnace
66:54 Elite Skirmisher
Connection lost

Rejoining the realm…

Still unreachable

The connection could not be restored.

Session expired

The server has moved on; the page needs a fresh start.